 Dungeon Crawl Stone Soup version 0.31.0-12-g77e489cdc1 (webtiles) character file.

Game seed: 17668065791476197040

706 cdecastro the Cudgeller (level 7, -1/53 HPs)
             Began as an Armataur Warper on Feb 26, 2024.
             Was a Follower of Okawaru.
             Succumbed to a water moccasin's poison
             ... on level 5 of the Dungeon.
             The game lasted 00:09:44 (4574 turns).

cdecastro the Cudgeller (Armataur Warper)           Turns: 4574, Time: 00:09:44

Health: -1/53      AC:  8    Str: 19    XL:     7   Next: 39%
Magic:  9/9        EV: 11    Int: 19    God:    Okawaru [*.....]
Gold:   165        SH:  0    Dex:  9    Spells: 9/9 levels left

rFire   . . .        u - +1 flail (protect)
rCold   . . .        (no shield)
rNeg    . . .        y - +2 leather armour {rPois}
rPois   +            (no helmet)
rElec   .            q - +0 cloak
rCorr   .            (no gloves)
SInv    .            (no barding)
Will    .....        e - amulet of guardian spirit
Stlth   ++           i - +6 ring of intelligence
HPRegen 0.28/turn    (no ring)
MPRegen 0.11/turn

%: guardian spirit, roll
@: lethally poisoned (-1 -> -8), heroic
A: large, deformed body, tough skin 3, armoured tail, roll 2
a: Renounce Religion, Heroism


You were on level 5 of the Dungeon.
You worshipped Okawaru.
Okawaru was aware of your devotion.
You visited 1 branch of the dungeon, and saw 5 of its levels.

You collected 231 gold pieces.
You spent 66 gold pieces at shops.

Inventory:

Hand Weapons
 a - a +0 mace
 u - a +1 flail of protection (weapon)
Missiles
 d - 7 darts of dispersal (quivered)
 t - 9 boomerangs
 v - 4 poisoned darts
Armour
 q - a +0 cloak (worn)
 y - a +2 leather armour of poison resistance (worn)
 z - a +0 chain mail
Magical Staves
 m - a staff of cold
Jewellery
 e - an amulet of guardian spirit (around neck)
 i - a +6 ring of intelligence (left hand)
Scrolls
 b - a scroll of amnesia {unknown}
 c - 2 scrolls of blinking
 f - a scroll of enchant weapon {unknown}
 g - 3 scrolls of teleportation {unknown}
 j - 4 scrolls of immolation {unknown}
 p - 3 scrolls of fear {unknown}
 r - a scroll of poison {unknown}
 s - a scroll of identify {unknown}
 x - 2 scrolls of enchant armour {unknown}
Potions
 h - a potion of magic
 k - 2 potions of invisibility {unknown}
 l - 2 potions of resistance {unknown}
 n - 2 potions of heal wounds {unknown}
 o - 2 potions of curing {unknown}
 w - a potion of brilliance {unknown}
 A - 2 potions of attraction {unknown}
 B - a potion of lignification {unknown}


   Skills:
 - Level 1.7(6.7) Fighting
 + Level 7.4(12.4) Maces & Flails
 - Level 0.8(5.8) Throwing
 - Level 1.2(6.2) Armour
 - Level 1.3(6.3) Dodging
 - Level 1.7 Spellcasting
 - Level 3.0 Translocations
 - Level 2.0 Invocations


You had 9 spell levels left.
You didn't know any spells.
Your spell library contained the following spells:

 Spells                   Type           Power      Damage    Failure   Level
 Blink                    Tloc           26%        N/A       9%          2
 Lesser Beckoning         Tloc           26%        N/A       9%          2
 Teleport Other           Tloc           13%        N/A       17%         3
 Magic Dart               Conj           4%         1d3       21%         1
 Manifold Assault         Tloc           13%        N/A       50%         4
 Hailstorm                Conj/Ice       1%         3d5       52%         3
 Vhi's Electric Charge    Tloc/Air       14%        N/A       71%         4
 Call Imp                 Summ           Unusable   N/A       N/A         2
 Summon Ice Beast         Ice/Summ       Unusable   N/A       N/A         3
 Sculpt Simulacrum        Ice/Alch       Unusable   N/A       N/A         6

Dungeon Overview and Level Annotations

Branches:
Dungeon (5/15)
 Temple: D:4-7

Altars:
Okawaru

Shops:
D:1 =![?   D:3 *

Annotations:
D:2 1 runed translucent door, Crazy Yiuf


Innate Abilities, Weirdness & Mutations

Armour fits poorly on your strangely shaped body.
You have extremely tough skin. (AC +3)
You have a long armoured tail.
You regenerate magic and health when rolling toward enemies. (Rampage Regen)


Message History

You closely miss the water moccasin.
The water moccasin is severely wounded.
The water moccasin bites you but does no damage.
You thump the water moccasin!
The water moccasin is almost dead.
The water moccasin bites you but does no damage. x2
You closely miss the water moccasin.
Your tail-slap misses the water moccasin.
The water moccasin is almost dead.
The water moccasin bites you but does no damage.
You barely miss the water moccasin.
Your tail-slap misses the water moccasin.
The water moccasin is almost dead.
The water moccasin bites you.
* * * LOW HITPOINT WARNING * * *
You are poisoned.
The water moccasin poisons you!
You closely miss the water moccasin.
Your tail-slap misses the water moccasin.
The water moccasin is almost dead.
You feel very sick.
The water moccasin bites you but does no damage.
The water moccasin bites you.
* * * LOW HITPOINT WARNING * * *
You closely miss the water moccasin.
The water moccasin is almost dead.
* * * LOW HITPOINT WARNING * * *
You feel very sick. The water moccasin bites you.
* * * LOW HITPOINT WARNING * * *
Unknown command.
Okay, then.
You gain the combat prowess of a mighty hero.
* * * LOW HITPOINT WARNING * * *
You feel sick. The water moccasin bites you.
* * * LOW HITPOINT WARNING * * *
The water moccasin bites you but does no damage.
Unknown command.
It was a potion of magic.
Magic courses through your body.
You die...

..# #.#..#
#.#..#
..#..#.# #.
#.#..#.#
...
#.#..#.#
#.#
#S#..#.#...
#@#..#.#.#
#....#...
####.#.#
#....†<#
#.#...<# #
##...#
...#.#
......#
#.#.#..#


You could see a water moccasin.

Vanquished Creatures
  An ogre (D:3)
  A howler monkey (D:3)
  3 hounds (D:3)
  Terence (D:2)
  An iguana (D:3)
  3 orc wizards
  5 adders
  18 gnolls
  A ribbon worm (D:3)
  3 dart slugs
  29 orcs
  7 bats
  12 endoplasms
  2 giant cockroaches (D:4)
  A goblin (D:1)
  5 hobgoblins
  10 jackals (D:3)
  3 kobolds
  5 quokkas
  7 ball pythons
  2 frilled lizards (D:1)
  6 rats
126 creatures vanquished.

Notes
Turn   | Place    | Note
-------+----------+-------------------------------------------
     0 | D:1      | cdecastro the Armataur Warper began the quest for the Orb.
     0 | D:1      | Reached XP level 1. HP: 17/17 MP: 3/3
    69 | D:1      | Reached skill level 2 in Maces & Flails
   127 | D:1      | Found Udghie's Magic Scroll Emporium.
   140 | D:1      | Reached XP level 2. HP: 8/24 MP: 4/4
   311 | D:1      | Found Loneggy's Distillery.
   421 | D:1      | Found Igrin's Jewellery Boutique.
   447 | D:1      | Reached skill level 3 in Maces & Flails
   778 | D:2      | Reached XP level 3. HP: 29/29 MP: 5/5
   879 | D:2      | Found an iron altar of Okawaru.
   914 | D:2      | Became a worshipper of Warmaster Okawaru
   985 | D:2      | Noticed Terence
  1393 | D:2      | Killed Terence
  1394 | D:2      | Reached skill level 4 in Maces & Flails
  1394 | D:2      | Reached XP level 4. HP: 13/36 MP: 3/6
  1608 | D:2      | Found a runed translucent door.
  1609 | D:2      | Noticed Crazy Yiuf
  1808 | D:3      | Found Kiec's Assorted Antiques.
  1811 | D:3      | Bought a scroll labelled REGEWN UGON for 23 gold pieces
  1811 | D:3      | Bought a fuming black potion for 20 gold pieces
  1811 | D:3      | Bought a scroll labelled ZACOOC TETAI for 23 gold pieces
  2030 | D:3      | Reached skill level 5 in Maces & Flails
  2030 | D:3      | Reached XP level 5. HP: 27/41 MP: 4/7
  2371 | D:3      | Reached XP level 6. HP: 27/48 MP: 6/8
  2524 | D:3      | Reached skill level 6 in Maces & Flails
  2573 | D:3      | Reached * piety under Okawaru
  2742 | D:3      | Reached skill level 1 in Invocations
  3107 | D:3      | Gained mutation: You regenerate magic and health when
                  | rolling toward enemies. (Rampage Regen) [Armataur growth]
  3107 | D:3      | Reached XP level 7. HP: 28/53 MP: 4/9
  3739 | D:3      | Reached skill level 7 in Maces & Flails
  4543 | D:5      | Entered Level 5 of the Dungeon
  4573 | D:5      | HP: 1/53 [water moccasin (3)]
  4574 | D:5      | Succumbed to a water moccasin's poison

Illustrated notes

Levels and vault maps discovered:
D:1:      heliophobic_arrival_glass_houses, layout_rooms, serial_shops, shop,
          nicolae_diamond_shop, shop, shop
D:2:      layout_basic, basic_altar, uniq_crazy_yiuf_cottage, uniq_terence
D:3:      lemuel_castle_with_subvaults [lemuel_castle_interior_carwin_1],
          layout_loops_ring, serial_shops, nicolae_shop_behind_doors,
          hangedman_decor_peaks_small
D:4:      layout_rooms
D:5:      layout_basic, uniq_sigmund

Skill      XL: |  1  2  3  4  5  6  7 |
---------------+----------------------+-----
Maces & Flails | 2 3 4 5 6 7 |  7.4
Invocations    | 2 |  2.0
Fighting       | |  1.7
Throwing       | |  0.8
Armour         | |  1.2
Dodging        | |  1.3
Spellcasting   | |  1.7
Translocations | |  3.0

Action                     |  1- 3 |  4- 6 |  7- 9 || total
---------------------------+-------+-------+-------++-------
  Melee: Mace              |   125 |   193 |    11 ||   329
         Tailslap          |    11 |    20 |    15 ||    46
         Punch             |     2 |     1 |       ||     3
         Flail             |       |       |   141 ||   141
 Invoke: Heroism           |       |       |     1 ||     1
    Use: Potion            |       |       |     1 ||     1
   Stab: Sleeping          |     1 |       |       ||     1
 Armour: Leather armour    |    81 |   167 |   109 ||   357
  Dodge: Dodged            |    69 |    81 |    53 ||   203
